 Dungeon Crawl Stone Soup version 0.27.1-34-g3ba077fa99 (webtiles) character file.

Game seed: 5999536815954889803

764 Delamore the Covert (level 7, -3/45 HPs)
             Began as an Octopode Brigand on Feb 11, 2022.
             Was an Initiate of Gozag.
             Slain by an ice beast (13 damage)
             ... on level 6 of the Dungeon on Feb 12, 2022.
             The game lasted 00:05:47 (5667 turns).

Delamore the Covert (Octopode Brigand)              Turns: 5667, Time: 00:05:47

Health: -3/45      AC:  1    Str: 10    XL:     7   Next: 81%
Magic:  7/7        EV: 13    Int: 14    God:    Gozag
Gold:   279        SH:  0    Dex: 21    Spells: 6/6 levels left

rFire    . . .     SeeInvis .   d - +0 short sword (elec)
rCold    . . .     Faith    .   (no shield)
rNeg     . . .     Spirit   .   (helmet restricted)
rPois    .         Reflect  .   (no amulet)
rElec    .         Harm     .   v - +6 ring of dexterity
rCorr    .         Rampage  .   (no ring)
Will     .....                  (no ring)
Stlth    ++++++....             (no ring)
HPRegen  0.15/turn              (no ring)
MPRegen  0.10/turn              (no ring)
                                (no ring)
                                (no ring)

@: gold aura
A: almost no armour, amphibious, 8 rings, camouflage 1, gelatinous body 1,
(nimble swimmer 1), tentacles
a: Renounce Religion, Potion Petition, Call Merchant, Bribe Branch


You were on level 6 of the Dungeon.
You worshipped Gozag.
Gozag was aware of your devotion.
You visited 2 branches of the dungeon, and saw 7 of its levels.

You collected 340 gold pieces.
You paid 61 gold pieces to Gozag.

Inventory:

Hand Weapons
 a - a +2 dagger
 d - a +0 short sword of electrocution (weapon)
Missiles
 b - 19 poisoned darts (quivered)
 c - 2 curare-tipped darts
Jewellery
 v - a +6 ring of dexterity (left tentacle)
Wands
 u - a wand of iceblast (8)
Scrolls
 g - 2 scrolls of noise
 i - a scroll of fog
 j - a scroll of brand weapon
 o - a scroll of holy word
 p - a scroll of amnesia {unknown}
 r - a scroll of teleportation {unknown}
 s - a scroll of vulnerability {unknown}
Potions
 e - 2 potions of degeneration {unknown}
 f - 3 potions of curing
 h - 2 potions of attraction {unknown}
 k - a potion of heal wounds {unknown}
 l - a potion of haste
 m - a potion of might {unknown}
 n - a potion of cancellation {unknown}
 q - a potion of flight {unknown}
 t - a potion of mutation {unknown}


   Skills:
 - Level 2.0 Fighting
 + Level 6.2 Short Blades
 - Level 2.0 Throwing
 - Level 1.0 Dodging
 - Level 10.0 Stealth


You had 6 spell levels left.
You didn't know any spells.
Your spell library was empty.

Dungeon Overview and Level Annotations

Branches:
Dungeon (7/15)             Temple (1/1) D:4

Altars:
Ashenzari
Cheibriados
Elyvilon
Fedhas
Gozag
Hepliaklqana
Makhleb
Okawaru
Qazlal
Ru
Sif Muna
Trog
Uskayaw
Vehumet
Yredelemnul

Shops:
D:1 *


Innate Abilities, Weirdness & Mutations

You cannot wear most types of armour.
You are amphibious.
You can wear up to eight rings at the same time.
Your skin changes colour to match your surroundings (Stealth+).
Your rubbery body absorbs attacks. (AC +1, EV +1)
((You are camouflaged near water. (Stealth+)))
You have tentacles for arms and can constrict up to eight enemies at once.


Message History

You climb upwards.
Found a stone staircase leading down.
There is a stone staircase leading down here.
As you open the door, it creaks loudly!
You hear a croak.
Found a stone staircase leading down.
A bullfrog comes into view.
A bullfrog is nearby!
Found a scroll of identify.
There is an open door here.
Found a trident.
You barely miss the bullfrog. You grab the bullfrog. You squeeze the bullfrog!
The bullfrog is heavily wounded.
You constrict the bullfrog. The bullfrog closely misses you.
You hit the bullfrog.
The bullfrog is severely wounded.
You constrict the bullfrog. The bullfrog completely misses you.
You hit the bullfrog but do no damage. Lightning courses through the bullfrog!
You kill the bullfrog!
An ice beast comes into view.
Your Short Blades skill increases to level 6!
Found a short ivory wand.
There is a stone staircase leading down here.
The ice beast hits you. The ice beast freezes you!
You barely miss the ice beast. The ice beast hits you.
The ice beast freezes you!
You are too injured to fight recklessly!
You hit the ice beast.
Lightning courses through the ice beast!
The ice beast is moderately wounded.
The ice beast hits you.
* * * LOW HITPOINT WARNING * * *
The ice beast freezes you!
* * * LOW HITPOINT WARNING * * *
Okay, then.
Okay, then.
It was a potion of curing.
You feel better. The ice beast hits you.
* * * LOW HITPOINT WARNING * * *
The ice beast freezes you!
You die...
Your body crumbles into a pile of gold.

###'######...
#............
#..$.........
#............ .
#.......##./.
..##....>..#
...........#
......?....##+#
.......@.).....
..##..Y.........
$ ####+#####...
... .. $


You could see an ice beast.

Vanquished Creatures
  Eustachio (D:3)
  A sky beast (D:4)
  A black bear (D:4)
  A bullfrog (D:6)
  2 orc priests
  A hound (D:4)
  A centaur skeleton (D:4)
  2 orc wizards
  7 gnolls (D:3)
  2 adders (D:3)
  A white imp (D:3)
  An adder skeleton (D:4)
  3 worms
  3 dart slugs
  9 orcs
  9 endoplasms
  5 giant cockroaches (D:2)
  5 goblins
  8 hobgoblins
  2 kobolds
  4 quokkas
  9 ball pythons
  4 bats
  3 frilled lizards
  12 rats
97 creatures vanquished.

Notes
Turn   | Place    | Note
-------+----------+-------------------------------------------
     0 | D:1      | Delamore the Octopode Brigand began the quest for the Orb.
     0 | D:1      | Reached XP level 1. HP: 14/14 MP: 1/1
   298 | D:1      | Found Riheh's General Store.
   349 | D:1      | Reached XP level 2. HP: 17/19 MP: 2/2
   517 | D:1      | Found a faded altar of an unknown god.
   742 | D:2      | Reached skill level 6 in Stealth
   963 | D:2      | Reached XP level 3. HP: 5/24 MP: 3/3
  2088 | D:2      | Reached XP level 4. HP: 29/29 MP: 4/4
  2126 | D:2      | Reached skill level 7 in Stealth
  2234 | D:3      | Found a snail-covered altar of Cheibriados.
  2570 | D:3      | Reached XP level 5. HP: 34/34 MP: 5/5
  2839 | D:3      | Reached skill level 8 in Stealth
  3651 | D:4      | Found a staircase to the Ecumenical Temple.
  3678 | Temple   | Entered the Ecumenical Temple
  3938 | Temple   | Became a worshipper of Gozag Ym Sagoz the Greedy
  4000 | D:4      | Noticed a sky beast
  4002 | D:4      | Killed a sky beast
  4003 | D:4      | Reached skill level 9 in Stealth
  4003 | D:4      | Reached XP level 6. HP: 39/39 MP: 6/6
  4115 | D:4      | Noticed a black bear
  4119 | D:4      | Killed a black bear
  4253 | D:4      | Noticed Eustachio
  4519 | D:3      | Killed Eustachio
  4520 | D:3      | Reached skill level 5 in Short Blades
  4520 | D:3      | Reached skill level 10 in Stealth
  4520 | D:3      | Reached XP level 7. HP: 29/45 MP: 7/7
  5629 | D:4      | You fall into a shaft and drop 3 floors!
  5666 | D:6      | HP: 1/45 [ice beast (12)]
  5667 | D:6      | Slain by an ice beast

Illustrated notes

Levels and vault maps discovered:
D:1:      minmay_arrival_four_houses, layout_basic, serial_shops,
          nicolae_shop_behind_doors,
          dreamdust_ecumenical_altar_angels_and_demons, minivault_23, hex_large
D:2:      minmay_razor_zed, layout_basic, kennysheep_generic_room_4
D:3:      layout_basic, mainiacjoe_overflow_concentric_impassable,
          columned_hall_lemuel, hangedman_decor_peaks_small
D:4:      layout_basic, minmay_temple_entry_grid, uniq_eustachio,
          uniq_crazy_yiuf_cottage, uniq_natasha
D:6:      layout_gridville, mainiacjoe_overflow_swirl
D:7:      layout_layer_cave, mainiacjoe_overflow_six_doors_small
Temple:   regret_index_temple_generic_petals

Skill      XL: |  1  2  3  4  5  6  7 |
---------------+----------------------+-----
Stealth        | 6 7 9 10 | 10.0
Short Blades   | 3 5 6 |  6.2
Fighting       | |  2.0
Throwing       | |  2.0
Dodging        | |  1.0

Action                   |  1- 3 |  4- 6 |  7- 9 || total
-------------------------+-------+-------+-------++-------
Melee: Short sword       |    80 |    75 |    33 ||   188
       Constrict         |    19 |    17 |     8 ||    44
       Dagger            |     2 |       |       ||     2
       Tentacles         |    12 |     9 |     6 ||    27
Throw: Dart              |       |     9 |     5 ||    14
  Use: Scroll            |       |     4 |       ||     4
       Potion            |       |       |     1 ||     1
 Stab: Sleeping          |    15 |    16 |     1 ||    32
Armor: Skin              |     6 |     4 |     1 ||    11
Dodge: Dodged            |    57 |    29 |    15 ||   101
